 Dungeon Crawl Stone Soup version 0.23.2-1-ga50397a (webtiles) character file.

Game seed: 12785004219264985021

174469 Borgoz the Warrior (level 18, 0/119 HPs)
             Began as a Gargoyle Gladiator on May 14, 2019.
             Was a High Priest of Ashenzari.
             Killed from afar by a merfolk aquamancer (15 damage)
             ... with a shard of ice
             ... on level 4 of the Shoals.
             The game lasted 01:37:33 (33985 turns).

Borgoz the Warrior (Gargoyle Gladiator)            Turns: 33985, Time: 01:37:34

Health: 0/119      AC: 51    Str: 22    XL:     18   Next: 7%
Magic:  24/24      EV: 11    Int: 14    God:    Ashenzari [*****.]
Gold:   2526       SH:  0    Dex: 17    Spells: 6/17 levels left

rFire    + + .     SeeInvis +   a - +2 battleaxe (flame) (curse)
rCold    + + +     Gourm    .   (shield currently unavailable)
rNeg     + . .     Faith    .   X - +4 gold dragon scales (curse)
rPois    ∞         Spirit   .   q - +2 helmet {Int+3}
rElec    +         Reflect  .   s - +0 cloak {MR+}
rCorr    +         Harm     .   N - +1 pair of gloves
MR       ++...     Clarity  +   L - +0 pair of boots {Fly}
Stlth    ..........             Q - amulet of Dayvof {+Rage rC+ Str+4} (curse)
HPRegen  0.29/turn              g - ring "Aloss" {rElec rF+ rC+ AC+4}
MPRegen  0.19/turn              y - ring of resist corrosion

@: berserk cooldown, flying
A: big wings, negative energy resistance 1, electricity resistance, unbreathing,
petrification resistance, rot immunity, AC +13
a: Stop Flying, Curse Item, Scrying, Transfer Knowledge, Renounce Religion,
Evoke Berserk Rage


You were on level 4 of the Shoals.
You worshipped Ashenzari.
Ashenzari was extremely pleased with you.
You were near starving.

You visited 5 branches of the dungeon, and saw 28 of its levels.
You visited 1 bazaar.
You also visited: Sewer, Gauntlet, Ice Cave and Volcano.

You collected 3614 gold pieces.
You spent 1088 gold pieces at shops.

Inventory:

Hand Weapons
 a - a cursed +2 battleaxe of flaming (weapon)
Missiles
 w - 11 poisoned javelins
 z - 18 silver javelins
 A - 4 throwing nets (quivered)
 B - 13 tomahawks
 D - 12 tomahawks of returning
Armour
 q - a +2 helmet of intelligence (worn)
 s - a +0 cloak of magic resistance (worn)
 L - a +0 pair of boots of flying (worn)
 N - a +1 pair of gloves (worn)
 R - a cursed scarf of resistance
 X - cursed +4 gold dragon scales (worn)
Jewellery
 g - the ring "Aloss" (left hand) {rElec rF+ rC+ AC+4}
   (You found it in an ice cave)

   [ring of protection]

   It affects your AC (+4).
   It protects you from fire.
   It protects you from cold.
   It insulates you from electricity.
 y - a ring of resist corrosion (right hand)
 Q - the cursed amulet of Dayvof (around neck) {+Rage rC+ Str+4}
   (You found it in a Gauntlet)

   [amulet of rage]

   It affects your strength (+4).
   It protects you from cold.
   It lets you go berserk.
   It has a curse placed upon it.
Wands
 c - a wand of disintegration (16)
 e - a wand of scattershot (9)
 t - a wand of acid (18)
 u - a wand of digging (13)
 C - a wand of iceblast (46)
Scrolls
 b - a scroll of amnesia
 d - 2 scrolls of remove curse
 i - 2 scrolls of blinking
 j - 5 scrolls of fog
 r - 9 scrolls of magic mapping
 v - 9 scrolls of teleportation
 E - a scroll of silence {unknown}
 I - 10 scrolls of identify
 M - 2 scrolls of fear
 S - a scroll of summoning
Potions
 h - a potion of haste
 k - a potion of might
 o - 2 potions of cancellation
 p - 2 potions of brilliance
 x - 9 potions of curing
 H - a potion of agility
 J - a potion of resistance
 O - a potion of berserk rage
Comestibles
 f - 43 rations


   Skills:
 * Level 15.5 Fighting
 * Level 15.0(19.6) Axes
 - Level 5.4 Throwing
 * Level 14.7 Armour
 * Level 13.2 Dodging
 - Level 5.0 Stealth
 + Level 8.0 Evocations


You had 6 spell levels left.
You knew the following spells:

 Your Spells              Type           Power        Failure   Level  Hunger
a - Blink                 Tloc           N/A          100%        2    ###....
b - Regeneration          Chrm/Necr      #.........   100%        3    ####...
c - Vampiric Draining     Necr           #.........   100%        3    ####...
d - Mephitic Cloud        Conj/Pois/Air  #.......     100%        3    ####...

Your spell library contained the following spells:

 Spells                   Type           Power        Failure   Level  Hunger
 Animate Skeleton         Necr           N/A          100%        1    ##.....
 Apportation              Tloc           #.....       100%        1    ##.....
 Beastly Appendage        Tmut           #.....       100%        1    ##.....
 Confusing Touch          Hex            #.....       100%        1    ##.....
 Flame Tongue             Conj/Fire      #....        100%        1    ##.....
 Magic Dart               Conj           #...         100%        1    ##.....
 Pain                     Necr           #...         100%        1    ##.....
 Summon Small Mammal      Summ           #...         100%        1    ##.....
 Call Imp                 Summ           #.......     100%        2    ###....
 Corpse Rot               Necr           N/A          100%        2    ###....
 Poisonous Vapours        Pois/Air       #.....       100%        2    ###....
 Slow                     Hex            #.......     100%        2    ###....
 Sticks to Snakes         Tmut           #.......     100%        2    ###....
 Throw Flame              Conj/Fire      #.....       100%        2    ###....
 Conjure Flame            Conj/Fire      #.......     100%        3    ####...
 Inner Flame              Hex/Fire       #.......     100%        3    ####...
 Spider Form              Tmut/Pois      #.........   100%        3    ####...
 Stone Arrow              Conj/Erth      #.....       100%        3    ####...
 Animate Dead             Necr           N/A          100%        4    #####..
 Ice Form                 Ice/Tmut       #.......     100%        4    #####..
 Leda's Liquefaction      Hex/Erth       #.........   100%        4    #####..
 Sticky Flame             Conj/Fire      #.......     100%        4    #####..
 Blade Hands              Tmut           #.........   100%        5    ######.
 Fireball                 Conj/Fire      #.........   100%        5    ######.
 Irradiate                Conj/Tmut      #.........   100%        5    ######.
 Metabolic Englaciation   Hex/Ice        #.........   100%        5    ######.
 Summon Forest            Summ/Tloc      #.........   100%        5    ######.
 Bolt of Cold             Conj/Ice       #.........   100%        6    #######
 Freezing Cloud           Conj/Ice/Air   #.........   100%        6    #######
 Hydra Form               Tmut           #.........   100%        6    #######
 Ozocubu's Refrigeration  Ice            #.........   100%        6    #######
 Simulacrum               Ice/Necr       #.........   100%        6    #######
 Dragon Form              Tmut           #.........   100%        7    #######
 Ring of Flames           Chrm/Fire      #.........   100%        7    #######
 Summon Hydra             Summ           #.........   100%        7    #######
 Statue Form              Tmut/Erth      Unusable     N/A         6    N/A

Dungeon Overview and Level Annotations

Branches:
Dungeon (15/15)            Temple (1/1) D:5            Lair (6/6) D:10
 Shoals (4/4) Lair:4       Spider (0/4) Lair:3        Slime (0/5) Lair:6
    Orc (2/2) D:12            Elf (0/3) Orc:2        Vaults (0/5) D:13
 Depths (0/5) D:15

Altars:
Ashenzari
Cheibriados
Dithmenos
Elyvilon
Fedhas
Gozag
Hepliaklqana
Kikubaaqudgha
Makhleb
Nemelex Xobeh
Okawaru
Qazlal
Ru
Sif Muna
Trog
Uskayaw
Vehumet
Wu Jian
Xom
Yredelemnul
Zin
The Shining One
Beogh
Jiyva

Shops:
D:11 *[   Orc:2 (:*[(*   Shoals:2 *   Shoals:3 %


Innate Abilities, Weirdness & Mutations

You are resistant to torment.
Your stone body is resilient. (AC +13)
You are immune to poison.
Your large and strong wings let you fly indefinitely.
You resist negative energy. (rN+)
You are resistant to electric shocks. (rElec)
You can survive without breathing.
You are immune to petrification.
You are immune to rotting.


Message History

You kill the merfolk avatar!
You miss the merfolk. You slash the merfolk aquamancer!
You burn the merfolk aquamancer.
The merfolk aquamancer hits you but does no damage.
The merfolk barely misses you.
You miss the merfolk.
The merfolk is severely wounded.
You miss the merfolk aquamancer.
You feel yourself speed up.
The merfolk hits you but does no damage.
The merfolk aquamancer gestures at you while chanting.
The shard of ice hits you!! You partially resist.
* * * LOW HITPOINT WARNING * * *
The merfolk aquamancer barely misses you.
The merfolk hits you but does no damage.
You feel less invigorated.
You feel less confused.
The merfolk aquamancer points at you and mumbles some strange words.
The shard of ice hits you! You partially resist.
You die...

,, ≈ #....≈#≈≈≈.≈.#.≈PP≈≈≈≈
, , ≈
#..≈#.#≈≈≈≈≈...≈≈P≈P≈≈≈ ≈,,
,≈ ≈≈#.≈.≈.#≈≈≈≈≈≈..≈≈≈≈≈≈≈≈
, ,≈
,,#...).#<≈≈≈.....?≈P≈≈≈≈ *
,,
≈..#.#.)....≈≈....<≈≈P≈≈≈≈ ,
≈....≈≈))#..≈≈....[≈≈≈≈≈≈≈ ,
* *
≈≈..#......≈≈≈....PP≈≈≈≈≈≈
,≈≈≈≈≈......≈≈≈≈.....≈≈≈≈≈≈≈
≈≈≈≈≈..≈≈.@≈≈≈≈...?†≈≈≈≈≈≈≈
, ≈≈≈≈≈≈≈≈≈≈m≈≈...†..≈≈≈≈≈≈≈
, .≈≈≈≈≈≈≈≈≈≈m.......≈≈≈≈≈≈≈
, ,
.≈≈≈≈.≈.H≈≈.....?.≈≈?≈≈≈≈≈
.≈≈≈≈....≈........≈≈≈≈≈≈≈≈ ,
≈ ≈≈≈.............≈≈≈≈≈≈≈≈
≈≈≈ ≈≈
≈≈≈........##≈#≈#≈≈≈≈≈≈≈ ≈
≈≈≈≈≈......#######≈≈≈≈≈≈≈ ≈
≈ ≈S≈≈≈?..### ** ##≈≈≈≈≈


You could see a merfolk aquamancer, a merfolk and a manticore.

Vanquished Creatures
  The ghost of Ullipcorian the Executioner, an adept HOFi of Okawaru (Shoals:1)
  Gastronok (Lair:3)
  Kirke (Lair:5)
  Donald (Orc:2)
  A frost giant (IceCv)
  An orc warlord (Orc:1)
  Azrael (Orc:2)
  A minotaur (Gauntlet)
  A dire elephant (D:15)
  The ghost of Jogov the Destroyer, a journeyman DgWz (D:14)
  The ghost of Kubamp the Thaumaturge, a journeyman DEAE of Sif Muna (Lair:3)
  2 merfolk javelineers (Shoals:2)
  A death ooze (Gauntlet)
  3 merfolk impalers
  Snorg (D:12)
  The ghost of Aske the Fighter, a journeyman GrGl of Ashenzari (D:12)
  2 fire dragons (Lair:6)
  Harold (D:7)
  Fannar (D:10)
  8 vault guards
  16 hydras
  A merfolk avatar (Shoals:4)
  A catoblepas (Lair:5)
  Erica (D:9)
  7 death yaks
  A centaur warrior (D:13)
  5 two-headed ogres
  2 merfolk aquamancers (Shoals:3)
  3 alligator snapping turtles
  A death knight (D:14)
  3 orc high priests
  A tengu warrior (D:15)
  Sonja (D:11)
  A fire crab (Lair:5)
  5 sea snakes
  4 skeletal warriors
  2 unseen horrors
  4 anaconda skeletons (Volcano)
  A swamp dragon (Lair:6)
  24 harpies
  3 orc knights
  2 phantasmal warriors
  Pikel (D:7)
  A wolf spider zombie (D:15)
  4 lindwurms
  17 fauns
  A cyclops (D:13)
  An orc sorcerer (Orc:1)
  2 ugly things
  An elephant (Lair:5)
  6 manticores
  2 deep elf magi
  13 merfolk sirens
  7 black mambas
  An ice statue (IceCv)
  Joseph (D:8)
  2 water nymphs
  7 torpor snails
  Maurice (Orc:1)
  6 gargoyles
  12 spiny frogs
  7 rime drakes
  A freezing wraith (D:15)
  11 komodo dragons
  An efreet (D:14)
  A tengu conjurer (D:15)
  An ice devil (Gauntlet)
  17 polar bears
  10 hornets
  16 merfolk
  7 trolls
  2 wind drakes (Shoals:1)
  Grinder (D:3)
  19 blink frogs
  3 tyrant leeches (Lair:6)
  A harpy skeleton (Volcano)
  A raiju (Gauntlet)
  Prince Ribbit (D:6)
  3 snapping turtles
  11 dream sheep
  11 hippogriffs
  2 slime creatures (D:14)
  A centaur simulacrum (D:15)
  2 spriggans (Lair:3)
  3 flying skulls (Volcano)
  A redback (Lair:3)
  5 water elementals
  3 wraiths
  Sigmund (D:3)
  4 fire elementals (Orc:2)
  52 yaks
  2 hungry ghosts
  3 hogs (Lair:5)
  A basilisk (Lair:6)
  3 steam dragons
  4 wyverns
  3 vampire mosquitoes (D:15)
  Menkaure (D:7)
  2 wargs
  A soldier ant (D:12)
  Edmund (D:4)
  7 water moccasins
  9 porcupines
  4 hell hounds (Orc:2)
  3 black bears
  2 ice beasts
  A meliai simulacrum (D:11)
  3 swamp drakes (Lair:6)
  25 orc warriors
  3 sky beasts
  A hornet zombie (D:13)
  12 ogres
  4 slaves (D:7)
  A necrophage (D:10)
  2 eyes of draining
  A boggart (Lair:3)
  3 phantoms
  10 centaurs
  31 wolves
  15 crocodiles
  10 big kobolds
  18 bullfrogs
  A gnoll sergeant (D:6)
  A wyvern zombie (D:13)
  5 scorpions
  A hornet simulacrum (D:14)
  A water moccasin skeleton (D:5)
  4 killer bees (D:13)
  3 troll skeletons (Volcano)
  18 wights
  A spriggan skeleton (Volcano)
  7 howler monkeys
  An electric eel (Lair:1)
  10 crimson imps
  3 centaur zombies
  A quasit (D:13)
  14 orc priests
  15 orc wizards
  5 bullfrog zombies
  Ijyb (D:3)
  6 centaur skeletons
  7 hounds
  4 bullfrog skeletons
  6 jellies
  2 iguanas (D:12)
  Natasha (D:2)
  5 hell rats (Lair:2)
  A lightning spire (Gauntlet)
  7 worker ants
  2 naga skeletons (Volcano)
  A hound skeleton (D:10)
  A howler monkey zombie (D:5)
  14 adders
  4 gnolls (D:3)
  2 shadow imps
  3 white imps (Gauntlet)
  13 oozes
  2 adder zombies
  3 worms
  6 dart slugs
  10 leopard geckos
  36 orcs
  3 bats
  3 giant cockroaches (D:3)
  6 goblins
  9 hobgoblins
  8 jackals
  15 kobolds
  4 quokkas
  5 ball pythons
  7 frilled lizards
  A giant cockroach zombie (D:5)
  A jackal zombie (D:8)
  2 quokka zombies
  8 rats
  A bush (Lair:6)
  9 fungi
  14 plants
  2 toadstools (Lair:5)
917 creatures vanquished.

Vanquished Creatures (others)
  Ilsuiw (Shoals:2)
  A death yak (Lair:5)
  A rime drake (Lair:5)
  A hornet (Lair:3)
  A spriggan (Lair:3)
  2 wolves (IceCv)
  A hound (D:14)
  7 demonic plants (Gauntlet)
  15 fungi
  21 plants
  15 toadstools
66 creatures vanquished.

Grand Total: 983 creatures vanquished

Notes
Turn   | Place    | Note
-------+----------+-------------------------------------------
     0 | D:1      | Borgoz the Gargoyle Gladiator began the quest for the Orb.
     0 | D:1      | Reached XP level 1. HP: 12/12 MP: 1/1
   123 | D:1      | Reached XP level 2. HP: 16/18 MP: 2/2
   577 | D:1      | Reached XP level 3. HP: 22/22 MP: 3/3
   974 | D:2      | Reached XP level 4. HP: 22/28 MP: 4/4
  1146 | D:2      | Reached XP level 5. HP: 27/32 MP: 5/5
  1221 | D:2      | Found a radiant altar of Vehumet.
  1257 | D:2      | Noticed Natasha
  1261 | D:2      | Killed Natasha
  1262 | D:2      | You fall through a shaft!
  1262 | D:3      | Noticed Sigmund
  1351 | D:3      | Found a glowing drain.
  1400 | Sewer    | Entered a sewer
  1442 | Sewer    | Noticed a big kobold
  1459 | Sewer    | Killed a big kobold
  1459 | Sewer    | Reached XP level 6. HP: 36/38 MP: 6/6
  1692 | Sewer    | Reached XP level 7. HP: 40/44 MP: 7/7
  2048 | D:3      | Reached skill level 5 in Fighting
  2052 | D:3      | Noticed Grinder
  2059 | D:3      | Paralysed by Grinder for 5 turns
  2072 | D:3      | Paralysed by Grinder for 5 turns
  2082 | D:3      | Killed Grinder
  2082 | D:3      | Reached XP level 8. HP: 35/50 MP: 8/8
  2138 | D:3      | Killed Sigmund
  2138 | D:3      | Reached skill level 5 in Axes
  2327 | D:3      | Noticed Ijyb
  3205 | D:4      | Noticed Edmund
  3224 | D:4      | Killed Edmund
  3482 | D:4      | Reached skill level 5 in Throwing
  3489 | D:4      | Reached skill level 5 in Dodging
  3591 | D:4      | Found a snail-covered altar of Cheibriados.
  4170 | D:4      | Reached XP level 9. HP: 50/56 MP: 9/9
  4278 | D:5      | Entered Level 5 of the Dungeon
  4290 | D:5      | Found a sacrificial altar of Ru.
  4625 | D:5      | Found a staircase to the Ecumenical Temple.
  4696 | Temple   | Entered the Ecumenical Temple
  4829 | Temple   | Became a worshipper of Ashenzari the Shackled
  5716 | D:7      | Noticed Pikel
  5766 | D:7      | Killed Pikel
  5883 | D:7      | Noticed Menkaure
  5897 | D:7      | Killed Menkaure
  5952 | D:7      | Got the uncursed leather armour "Zoilaj Saoff" {Str+2}
  5963 | D:7      | Identified the +1 leather armour "Zoilaj Saoff" {Str+2}
                  | (You found it on level 7 of the Dungeon)
  5988 | D:7      | Reached XP level 10. HP: 42/63 MP: 10/10
  6407 | D:7      | Noticed Harold
  6423 | D:7      | Killed Harold
  7140 | D:8      | Noticed Joseph
  7175 | D:8      | Killed Joseph
  7428 | D:9      | Reached * piety under Ashenzari
  7471 | D:9      | Found a white marble altar of Elyvilon.
  8107 | D:9      | Reached XP level 11. HP: 61/69 MP: 11/11
  8337 | D:9      | Noticed Erica
  8356 | D:9      | Killed Erica
  8543 | D:10     | Entered Level 10 of the Dungeon
  8575 | D:10     | Noticed Fannar
  8796 | D:10     | Killed Fannar
  9491 | D:10     | Found a staircase to the Lair.
  9706 | D:11     | Reached ** piety under Ashenzari
  9735 | D:11     | Noticed Sonja
  9766 | D:11     | Killed Sonja
  9766 | D:11     | Reached skill level 10 in Axes
 10030 | D:11     | Reached XP level 12. HP: 76/76 MP: 12/12
 10033 | D:11     | Found Zoulozum's Antique Armour Shoppe.
 10046 | D:11     | Bought a pair of glowing boots for 217 gold pieces
 10562 | D:11     | Reached skill level 1 in Stealth
 10687 | D:11     | Reached skill level 1 in Evocations
 10961 | D:11     | Noticed a three-headed hydra
 10965 | D:11     | Killed a one-headed hydra
 11054 | D:11     | Found Pezel's Assorted Antiques.
 11181 | D:6      | Identified the +10 hunting sling of the Known World {venom,
                  | rF+ MP+9}
 11398 | D:6      | Reached *** piety under Ashenzari
 11402 | D:6      | Noticed Prince Ribbit
 11409 | D:6      | Killed Prince Ribbit
 11816 | D:3      | Found a deep blue altar of Sif Muna.
 11917 | D:3      | Killed Ijyb
 12240 | D:12     | Noticed a two-headed ogre
 12250 | D:12     | Killed a two-headed ogre
 12250 | D:12     | Reached skill level 10 in Fighting
 12250 | D:12     | Reached XP level 13. HP: 54/82 MP: 14/14
 12315 | D:12     | Found a runed translucent gate.
 12315 | D:12     | Found a runed translucent gate.
 12315 | D:12     | Noticed Aske's ghost (journeyman GrGl)
 12319 | D:12     | Found a runed translucent gate.
 12605 | D:12     | Found a staircase to the Orcish Mines.
 13086 | D:12     | Got the uncursed chain mail of Imperfection {+Blink}
 13097 | D:12     | Identified the +5 chain mail of Imperfection {+Blink} (You
                  | found it on level 12 of the Dungeon)
 14666 | D:12     | Learned a level 2 spell: Blink
 14670 | D:12     | Learned a level 3 spell: Regeneration
 14674 | D:12     | Learned a level 3 spell: Vampiric Draining
 14678 | D:12     | Learned a level 3 spell: Mephitic Cloud
 15061 | D:12     | Killed Aske's ghost
 15386 | D:13     | Noticed a vault guard
 15389 | D:13     | Noticed a vault guard
 15394 | D:13     | Noticed a vault guard
 15401 | D:13     | Killed a vault guard
 15402 | D:13     | Noticed a vault guard
 15404 | D:13     | Noticed a vault guard
 15404 | D:13     | Noticed a vault guard
 15409 | D:13     | Killed a vault guard
 15412 | D:13     | Noticed a vault guard
 15460 | D:11     | Killed a vault guard
 15735 | D:12     | Killed a vault guard
 15767 | D:13     | Killed a vault guard
 15778 | D:13     | Killed a vault guard
 15896 | D:13     | Killed a vault guard
 15939 | D:13     | Noticed a vault guard
 15940 | D:13     | Found a gate to the Vaults.
 15953 | D:13     | Killed a vault guard
 15953 | D:13     | Reached skill level 10 in Armour
 15953 | D:13     | Gained mutation: Your large and strong wings let you fly
                  | indefinitely. [Gargoyle growth]
 15953 | D:13     | Reached XP level 14. HP: 90/90 MP: 16/16
 16237 | D:13     | Found a shimmering altar of Xom.
 16240 | D:13     | Noticed Snorg
 16286 | D:12     | Killed Snorg
 16396 | D:13     | Reached skill level 5 in Stealth
 16482 | D:14     | Found a flickering gateway to a bazaar.
 16494 | Bazaar   | Entered a bazaar
 16499 | Bazaar   | Found Cetithi's Gadget Shop.
 16535 | Bazaar   | Found Isigokol's Book Shop.
 16637 | D:14     | Found a gate leading to a gauntlet.
 16645 | Gauntlet | Entered a Gauntlet
 16645 | Gauntlet | Found a transporter.
 16656 | Gauntlet | Found the +2 pair of boots of the Assassin {Detection Stab+
                  | Stlth++}
 16658 | Gauntlet | Found a transporter.
 16671 | Gauntlet | Found a transporter.
 16676 | Gauntlet | Found a transporter.
 16697 | Gauntlet | Found a transporter.
 16698 | Gauntlet | Identified the ring of Gozag's Whim {+Inv rF+++ rN+ Str+4
                  | Stlth-}
 16710 | Gauntlet | Found a transporter.
 16712 | Gauntlet | Identified the amulet of Dayvof {+Rage rC+ Str+4}
 16722 | Gauntlet | Found a transporter.
 16734 | Gauntlet | Found a transporter.
 16746 | Gauntlet | Found a transporter.
 16758 | Gauntlet | Found a transporter.
 16758 | Gauntlet | Noticed a dire elephant
 16776 | Gauntlet | Found a transporter.
 16793 | Gauntlet | Found a transporter.
 16795 | Gauntlet | Found a transporter.
 16822 | Gauntlet | Found a transporter.
 16824 | Gauntlet | Found a transporter.
 16826 | Gauntlet | Found a transporter.
 16854 | Gauntlet | Found a transporter.
 16856 | Gauntlet | Found a transporter.
 17437 | D:14     | Found a large runed translucent door.
 17437 | D:14     | Found a large runed translucent door.
 17441 | D:14     | Noticed Jogov's ghost (journeyman DgWz)
 17801 | D:14     | Got the uncursed robe of Ehomen Vaec {rC+ Int-2 Slay+3}
 17860 | D:15     | Entered Level 15 of the Dungeon
 18010 | D:14     | Killed Jogov's ghost
 19011 | D:15     | Found a staircase to the Depths.
 19011 | D:15     | Noticed a dire elephant
 19124 | D:15     | Killed a dire elephant
 19719 | D:13     | Identified the +2 robe of Ehomen Vaec {rC+ Int-2 Slay+3}
                  | (You found it on level 14 of the Dungeon)
 19863 | Lair:1   | Entered Level 1 of the Lair of Beasts
 20014 | Lair:1   | Found a frozen archway.
 20075 | IceCv    | Entered an ice cave
 20262 | IceCv    | Identified the ring "Aloss" {rElec rF+ rC+ AC+4}
 20343 | IceCv    | Found the +5 robe of Misfortune {*Contam Harm *Corrode
                  | *Drain *Slow EV+5}
 20396 | IceCv    | Reached XP level 15. HP: 85/97 MP: 18/18
 20401 | IceCv    | Reached skill level 10 in Dodging
 20438 | IceCv    | Reached skill level 5 in Evocations
 20659 | IceCv    | Noticed a frost giant
 20681 | IceCv    | Killed a frost giant
 21296 | Lair:1   | Got the cursed war axe of Integrity {chop, *Drain +Fly
                  | rElec}
 21403 | Lair:1   | Reached **** piety under Ashenzari
 22112 | Lair:2   | Identified the cursed +0 war axe of Integrity {chop, *Drain
                  | +Fly rElec} (You found it on level 1 of the Lair of Beasts)
 22317 | Lair:3   | Found a glowing golden altar of the Shining One.
 22347 | Lair:3   | Found a hole to the Spider Nest.
 22373 | Lair:3   | Noticed Gastronok
 22388 | Lair:3   | Killed Gastronok
 22836 | Lair:3   | Found a runed translucent door.
 22838 | Lair:3   | Noticed Kubamp's ghost (journeyman DEAE)
 22839 | Lair:3   | Identified the +7 trident "Jaceg" {pierce, *Drain +Fly rC-
                  | rN++}
 23105 | Lair:4   | Found a dark tunnel.
 23114 | Volcano  | Entered a volcano
 23823 | Lair:4   | Found a staircase to the Shoals.
 24351 | Lair:5   | Found a runed translucent door.
 24411 | Lair:5   | Got the arbalest "Temof" {velocity, -Tele rPois SInv}
 24528 | Lair:5   | Got the cursed cloak of the Ditch-Digger {rElec rPois
                  | Regen+}
 24539 | Lair:5   | Reached ***** piety under Ashenzari
 24714 | Lair:5   | Reached XP level 16. HP: 34/104 MP: 20/20
 24919 | Lair:5   | Noticed Kirke
 24936 | Lair:5   | Killed Kirke
 25480 | Lair:6   | Entered Level 6 of the Lair of Beasts
 25831 | Lair:6   | Found a viscous altar of Jiyva.
 25833 | Lair:6   | Found a staircase to the Slime Pits.
 26140 | Lair:6   | Identified the cursed +0 cloak of the Ditch-Digger {rElec
                  | rPois Regen+} (You found it on level 5 of the Lair of
                  | Beasts)
 26142 | Lair:6   | Identified the +9 arbalest "Temof" {velocity, -Tele rPois
                  | SInv} (You found it on level 5 of the Lair of Beasts)
 26992 | Lair:6   | Found a runed translucent door.
 27666 | Lair:3   | Killed Kubamp's ghost
 27874 | Lair:1   | Identified a scroll of acquirement
 27944 | Orc:1    | Entered Level 1 of the Orcish Mines
 27985 | Orc:1    | Noticed Maurice
 27991 | Orc:1    | Killed Maurice
 28166 | Orc:1    | Found a roughly hewn altar of Beogh.
 28373 | Orc:2    | Entered Level 2 of the Orcish Mines
 28373 | Orc:2    | Found Urruydich's General Store.
 29263 | Orc:2    | Found Okkaoc's Antique Armour Boutique.
 29275 | Orc:2    | Reached XP level 17. HP: 112/112 MP: 22/22
 29313 | Orc:2    | Found Faommot's Antique Weapon Emporium.
 29502 | Orc:2    | Found Nane's General Store.
 29633 | Orc:2    | Found Exusoiguta's Book Boutique.
 29641 | Orc:2    | Noticed Azrael
 29643 | Orc:2    | Noticed Donald
 29658 | Orc:2    | Killed Azrael
 29686 | Orc:2    | Killed Donald
 29701 | Orc:2    | Bought a scroll of blinking for 105 gold pieces
 29830 | Orc:2    | Found Suotim's Weapon Shoppe.
 29978 | Orc:2    | Found a staircase to the Elven Halls.
 30165 | Orc:2    | Bought a scroll of remove curse for 54 gold pieces
 30165 | Orc:2    | Bought a potion of heal wounds for 90 gold pieces
 30255 | D:11     | Bought a shiny helmet for 240 gold pieces
 30286 | D:11     | Bought a glowing helmet for 217 gold pieces
 30286 | D:11     | Bought a transparent robe for 165 gold pieces
 30286 | D:11     | Identified the cursed +0 robe "Icaedour" {rN+ Int+5} (You
                  | bought it in a shop on level 11 of the Dungeon)
 30463 | Shoals:1 | Entered Level 1 of the Shoals
 30952 | Shoals:1 | Reduced skill Throwing to level 5
 30985 | Shoals:1 | Found a runed translucent door.
 31637 | Shoals:1 | Noticed Ullipcorian's ghost (adept HOFi)
 31675 | Shoals:1 | Killed Ullipcorian's ghost
 32023 | Shoals:2 | Noticed Ilsuiw
 32041 | Shoals:2 | Reached skill level 15 in Fighting
 32092 | Shoals:2 | Killed Ilsuiw
 32356 | Shoals:2 | Found Rudivobe's Assorted Antiques.
 33170 | Shoals:3 | Found Kiaroas's Food Emporium.
 33900 | Shoals:4 | Entered Level 4 of the Shoals
 33918 | Shoals:4 | Reached XP level 18. HP: 110/119 MP: 22/24
 33951 | Shoals:4 | Reached skill level 15 in Axes
 33982 | Shoals:4 | HP: 4/119 [merfolk aquamancer/shard of ice (24)]
 33985 | Shoals:4 | Killed from afar by a merfolk aquamancer

Skill      XL: |  1  2  3  4  5  6  7  8  9 10 11 12 13 14 15 16 17 18 |
---------------+-------------------------------------------------------+-----
Throwing       | 2 3 4 5 6 7 5 |  5.4
Axes           | 3 4 5 7 9 11 12 13 14 15 | 15.0
Fighting       | 3 4 5 6 7 8 9 10 11 12 13 14 15 | 15.5
Dodging        | 3 4 5 6 7 9 10 11 13 | 13.2
Armour         | 7 8 10 11 12 13 14 | 14.7
Stealth        | 2 4 5 |  5.0
Evocations     | 1 3 4 6 7 8 |  8.0

Action                   |  1- 3 |  4- 6 |  7- 9 | 10-12 | 13-15 | 16-18 || total
-------------------------+-------+-------+-------+-------+-------+-------++-------
Melee: War axe           |    90 |   137 |   482 |   598 |       |       ||  1307
       Battleaxe         |       |       |       |    98 |  1184 |  1116 ||  2398
       Hand axe          |       |       |       |     8 |    89 |       ||    97
Throw: Throwing net      |       |       |     5 |     4 |       |       ||     9
Invok: Curse Item        |       |       |       |       |     2 |     2 ||     4
       Transfer Knowledg |       |       |       |       |       |     1 ||     1
 Abil: Evoke Berserk Rag |       |       |       |       |     6 |    11 ||    17
       Fly               |       |       |       |       |     1 |       ||     1
       Evoke Blink       |       |       |       |       |     1 |       ||     1
Evoke: Wand              |       |       |       |     4 |     4 |       ||     8
  Use: Scroll            |     5 |     2 |    11 |     9 |    12 |     9 ||    48
       Potion            |       |     4 |     3 |     8 |    13 |    11 ||    39
 Stab: Held in net/web   |       |       |     2 |     1 |       |       ||     3
       Fleeing           |       |       |     1 |       |       |       ||     1
       Petrified         |       |       |       |       |     3 |       ||     3
       Invisible         |       |       |       |       |       |     4 ||     4
       Confused          |       |       |       |       |       |     1 ||     1
  Eat: Chunk             |       |     3 |     8 |    20 |    41 |    26 ||    98
       Ration            |       |       |     2 |     1 |     3 |     4 ||    10
Armor: Ring mail         |    22 |       |       |       |       |       ||    22
       Scale mail        |    34 |    98 |   244 |   369 |    59 |       ||   804
       Ice dragon scales |       |       |       |    34 |     5 |       ||    39
       Chain mail        |       |       |       |       |   561 |       ||   561
       Skin              |       |       |       |       |    80 |       ||    80
       Gold dragon scale |       |       |       |       |   785 |  1303 ||  2088
       Steam dragon scal |       |       |       |       |    21 |       ||    21
Dodge: Dodged            |    60 |   116 |   307 |   496 |   885 |   753 ||  2617
